 Dungeon Crawl Stone Soup version 0.31-a0-986-g5e6e4ef867 (webtiles) character file.

Game seed: 11198458409491029869

9524 Frost42 the Basher (level 11, -3/104 HPs)
             Began as a Troll Monk on Nov 15, 2023.
             Was a Believer of Nemelex Xobeh.
             Shot with an arrow by a centaur warrior (14 damage)
             ... on level 8 of the Dungeon on Nov 17, 2023.
             The game lasted 01:06:26 (10058 turns).

Frost42 the Basher (Troll Monk)                    Turns: 10058, Time: 01:06:27

Health: -3/104     AC: 11    Str: 21    XL:     11   Next: 24%
Magic:  10/10      EV: 14    Int:  6    God:    Nemelex Xobeh [**....]
Gold:   140        SH:  0    Dex: 16    Spells: 10/10 levels left

rFire   . . .        n - +10 whip of the Manifold Stories {drain, rElec rN+ Will+}
rCold   . . .        c - orb {light}
rNeg    + . .        G - +0 steam dragon scales
rPois   .            i - +1 hat
rElec   +            d - +2 cloak
rCorr   .            (gloves unavailable)
SInv    .            (boots unavailable)
Will    +....        u - amulet of the acrobat
Stlth   +            B - ring of flight
HPRegen 1.17/turn    (no ring)
MPRegen 0.12/turn

%: acrobat
@: marked, flying, glowing
A: large, unfitting armour, claws 3, regeneration 1, shaggy fur 1, tough skin 1
a: Renounce Religion, Draw Escape, Draw Destruction, Draw Summoning


You were on level 8 of the Dungeon.
You worshipped Nemelex Xobeh.
Nemelex Xobeh was pleased with you.
You visited 2 branches of the dungeon, and saw 10 of its levels.

You collected 516 gold pieces.
You spent 376 gold pieces at shops.

Inventory:

Hand Weapons
 f - a +2 whip of electrocution
 j - a +4 falchion
 k - the +1 dagger of Ojios Hali {flame, Int+4}
   (You found it on level 2 of the Dungeon)

   Int+4:     It affects your intelligence (+4).
 n - the +10 whip of the Manifold Stories (weapon) {drain, rElec rN+ Will+}
   (You found it on level 3 of the Dungeon)

   rElec:     It insulates you from electricity.
   rN+:       It protects you from negative energy.
   Will+:     It increases your willpower.
 x - a +1 short sword of speed
 y - a +3 short sword
 E - a +2 flail of protection
 H - a +5 morningstar of holy wrath
 K - a +3 trident of venom
 O - a +2 morningstar of freezing
 P - a +1 spear of flaming
 R - a +2 spear of venom
Missiles
 a - 72 stones
 o - 15 poisoned darts
 t - 6 boomerangs
 M - a throwing net
 Q - a javelin
Armour
 c - an orb of light (worn)
 d - a +2 cloak (worn)
 h - a +2 robe
 i - a +1 hat (worn)
 C - the +0 robe "Kitext" {*Corrode Str+4}
   (You found it on level 5 of the Dungeon)

   Str+4:     It affects your strength (+4).
   *Corrode:  It may corrode you when you take damage.
 G - +0 steam dragon scales (worn)
 N - a +0 kite shield
Jewellery
 u - an amulet of the acrobat (around neck)
 B - a ring of flight (left claw)
Wands
 l - a wand of charming (3)
 F - a wand of polymorph (5)
 I - a wand of digging (4)
 S - a wand of flame (7) (quivered)
Scrolls
 q - 2 scrolls of immolation
 s - 2 scrolls of enchant weapon
 v - a scroll of summoning {unknown}
 J - a scroll of fog {unknown}
Potions
 b - 3 potions of ambrosia
 e - a potion of berserk rage {unknown}
 g - 4 potions of haste
 m - 5 potions of curing
 p - a potion of cancellation {unknown}
 z - 2 potions of brilliance {unknown}
 A - a potion of lignification
 L - a potion of mutation {unknown}
Miscellaneous
 D - a tin of tremorstones (2/2)


   Skills:
 + Level 5.4 Fighting
 * Level 11.0 Maces & Flails
 + Level 3.2 Throwing
 * Level 8.4 Dodging
 + Level 2.1 Stealth
 - Level 4.4 Unarmed Combat
 + Level 1.1 Evocations


You had 10 spell levels left.
You didn't know any spells.
Your spell library contained the following spells:

 Spells                   Type           Power      Damage    Failure   Level
 Freeze                   Ice            0%         1d3       45%         1
 Sandblast                Erth           0%         2d4       45%         1
 Summon Small Mammal      Summ           0%         N/A       45%         1
 Blink                    Tloc           0%         N/A       58%         2
 Ensorcelled Hibernation  Hex/Ice        0%         N/A       58%         2
 Lesser Beckoning         Tloc           0%         N/A       58%         2
 Momentum Strike          Conj/Tloc      0%         3d8       58%         2
 Passwall                 Tmut/Erth      0%         N/A       58%         2
 Poisonous Vapours        Pois/Air       0%         N/A       58%         2
 Call Canine Familiar     Summ           0%         N/A       83%         3
 Frozen Ramparts          Ice            0%         1d1       83%         3
 Gell's Gravitas          Tloc           0%         N/A       83%         3
 Hailstorm                Conj/Ice       0%         3d3       83%         3
 Mephitic Cloud           Conj/Pois/Air  0%         N/A       83%         3
 Stone Arrow              Conj/Erth      0%         3d7       83%         3
 Summon Guardian Golem    Hex/Summ       0%         N/A       83%         3
 Swiftness                Air            0%         N/A       83%         3
 Teleport Other           Tloc           0%         N/A       83%         3
 Animate Dead             Necr           0%         N/A       99%         4
 Brom's Barrelling Bould  Conj/Erth      0%         2d3       99%         4
 Manifold Assault         Tloc           0%         N/A       99%         4
 Borgnjor's Vile Clutch   Necr/Erth      0%         N/A       100%        5
 Freezing Cloud           Conj/Ice/Air   0%         6-21      100%        5
 Death Channel            Necr           0%         N/A       100%        6
 Dispersal                Tloc           0%         N/A       100%        6


Dungeon Overview and Level Annotations

Branches:
Dungeon (9/15)             Temple (1/1) D:6
   Lair: D:8-11         Orc: D:9-12

Altars:
Ashenzari
Cheibriados
Dithmenos
Fedhas
Gozag
Hepliaklqana
Kikubaaqudgha
Makhleb
Nemelex Xobeh
Okawaru
Qazlal
Ru
Sif Muna
Trog
Uskayaw
Vehumet
Wu Jian
Xom
Yredelemnul
Zin
The Shining One

Shops:
D:6 *   D:7 [   D:9 *

Annotations:
D:9 Harold


Innate Abilities, Weirdness & Mutations

You are too large for most types of armour.
You have claws for hands.
Your natural rate of healing is unusually fast.
You are covered in fur. (AC +1)
You have tough skin. (AC +1)


Message History

The centaur warrior wields a +0 shortbow.
The centaur warrior shoots an arrow.
The arrow hits you!!
* * * LOW HITPOINT WARNING * * *
Aiming: Throw Flame
Press: ? - help, Q - select action, (/) - cycle Shift-Dir - straight line, f - centaur warrior
Aim: a centaur warrior, wielding a +0 shortbow (77% to hit)
The puff of flame hits the centaur warrior.
The centaur warrior is lightly wounded.
Unknown command.
The centaur warrior shoots an arrow.
The arrow completely misses you.
The centaur warrior shoots an arrow.
The arrow barely misses you.
The centaur warrior shoots an arrow.
The arrow completely misses you.
The centaur warrior shoots an arrow.
The arrow hits you!
* * * LOW HITPOINT WARNING * * *
Throw: 2 throwing nets
Press: ? - help, Q - select action, (/) - cycle Shift-Dir - straight line, f/p - centaur warrior
Aim: a centaur warrior, wielding a +0 shortbow (lightly wounded, 68% to hit)
You throw a throwing net.
The throwing net barely misses the centaur warrior.
The centaur warrior shoots an arrow.
The arrow closely misses you.
The centaur warrior shoots an arrow.
The arrow hits you.
* * * LOW HITPOINT WARNING * * *
Okay, then.
Aiming: Throw Flame
Press: ? - help, Q - select action, (/) - cycle Shift-Dir - straight line, f/p - centaur warrior
Aim: a centaur warrior, wielding a +0 shortbow (77% to hit)
The puff of flame hits the centaur warrior but does no damage.
The centaur warrior shoots an arrow.
The arrow hits you!
* * * LOW HITPOINT WARNING * * *
Okay, then.
The centaur warrior shoots an arrow.
The arrow misses you.
The centaur warrior shoots an arrow.
The arrow completely misses you.
Aiming: Throw Flame
Press: ? - help, Q - select action, (/) - cycle Shift-Dir - straight line, f/p - centaur warrior
Aim: a centaur warrior, wielding a +0 shortbow (haloed, 85% to hit)
The puff of flame hits the centaur warrior.
The centaur warrior is lightly wounded.
The centaur warrior shoots an arrow.
The arrow hits you!
You die...
Your body disappears without additional glow.

8#..♣♣♣.#.....#.# #.##.#
#[#♣.♣.♣#♣...♣#.# #.##.#
.#♣♣♣.♣♣ ♣♣.♣♣#?# ###)##.#
## #######.###.# #..>...##
#........###c#.#...##
####†###............######
#..# #####.#.#.....>....
###
##.########c..(..#.######
.<# #.[.....@......##.##
#.# #)############.####
#.# #.# #.# #.# #.# #.#
#.#######)######## #.#
#..........†.....# #.#
#########.######.# #.#
).........# #.#####.#
########### #.......#


You could see a centaur warrior.

Vanquished Creatures
  3 centaur warriors (D:8)
  2 boulder beetles (D:8)
  An arcanist (D:8)
  An ugly thing (D:8)
  A kobold demonologist (D:8)
  Prince Ribbit (D:5)
  Sigmund (D:2)
  2 wyverns (D:8)
  Eustachio (D:6)
  2 steam dragons
  A basilisk (D:8)
  4 water moccasins
  Duvessa (D:4)
  4 sky beasts
  5 orc warriors
  A black bear (D:8)
  3 ice beasts
  A centaur (D:8)
  An ogre (D:7)
  A phantom (D:4)
  2 kobold brigands
  4 bullfrogs (D:8)
  2 scorpions
  4 gnoll sergeants
  5 wights (D:8)
  Dowan (D:4)
  An electric eel (D:6)
  2 howler monkeys
  2 orc priests
  2 gnoll boudas (D:7)
  4 hounds
  3 jellies
  3 sleepcaps
  6 iguanas
  7 orc wizards
  28 gnolls
  3 adders
  4 shadow imps
  4 ufetubi
  3 worms
  3 dart slugs
  31 orcs
  5 endoplasms
  2 giant cockroaches
  3 hobgoblins
  10 kobolds
  4 quokkas
  3 ball pythons
  7 bats
  A frilled lizard (D:3)
  9 goblins
  2 rats
207 creatures vanquished.

Notes
Turn   | Place    | Note
-------+----------+-------------------------------------------
     0 | D:1      | Frost42 the Troll Monk began the quest for the Orb.
     0 | D:1      | Reached XP level 1. HP: 22/22 MP: 0/0
   565 | D:1      | Reached XP level 2. HP: 29/29 MP: 1/1
  1114 | D:2      | Noticed Sigmund
  1135 | D:2      | Killed Sigmund
  1136 | D:2      | Reached XP level 3. HP: 32/37 MP: 2/2
  1136 | D:2      | Reached XP level 4. HP: 39/45 MP: 3/3
  1136 | D:2      | Reached XP level 5. HP: 46/53 MP: 4/4
  1436 | D:2      | Identified the +1 dagger of Ojios Hali {flame, Int+4}
  2193 | D:3      | Identified the +10 whip of the Manifold Stories {drain,
                  | rElec rN+ Will+}
  2707 | D:4      | Noticed an orc warrior
  2816 | D:4      | Reached XP level 6. HP: 61/61 MP: 5/5
  2930 | D:4      | Found a broken altar of Ashenzari.
  3204 | D:4      | Reached skill level 1 in Maces & Flails
  3354 | D:4      | Noticed Duvessa
  3363 | D:4      | Noticed Dowan
  3371 | D:4      | Killed Duvessa
  3372 | D:4      | Reached skill level 2 in Maces & Flails
  3375 | D:4      | Reached XP level 7. HP: 55/67 MP: 6/6
  3384 | D:4      | Killed Dowan
  3422 | D:4      | Found a sacrificial altar of Ru.
  3567 | D:4      | Reached skill level 3 in Maces & Flails
  4039 | D:4      | Reached skill level 4 in Maces & Flails
  4039 | D:4      | Reached skill level 1 in Throwing
  4147 | D:5      | Entered Level 5 of the Dungeon
  4353 | D:5      | Reached skill level 5 in Dodging
  4469 | D:5      | Reached XP level 8. HP: 75/75 MP: 7/7
  4486 | D:5      | Reached skill level 5 in Maces & Flails
  4711 | D:5      | Reached skill level 1 in Stealth
  4720 | D:5      | Noticed Prince Ribbit
  4738 | D:5      | Killed Prince Ribbit
  4743 | D:5      | Reached skill level 6 in Maces & Flails
  4770 | D:5      | Identified the +0 robe "Kitext" {*Corrode Str+4}
  5711 | D:6      | Noticed Eustachio
  5717 | D:6      | Killed Eustachio
  5841 | D:6      | Found a shadowy altar of Dithmenos.
  5855 | D:6      | Reached skill level 7 in Maces & Flails
  5855 | D:6      | Reached XP level 9. HP: 75/84 MP: 8/8
  5945 | D:6      | Found Bavu's Assorted Antiques.
  5951 | D:6      | Bought a runed morningstar for 203 gold pieces
  5951 | D:6      | Bought a scroll labelled YKAHAE CICOK for 29 gold pieces
  6667 | D:6      | Found a staircase to the Ecumenical Temple.
  6877 | Temple   | Entered the Ecumenical Temple
  7262 | Temple   | Became a worshipper of Nemelex Xobeh the Trickster
  7262 | Temple   | Reached * piety under Nemelex Xobeh
  7262 | Temple   | Received a gift from Nemelex Xobeh
  7262 | Temple   | Reached ** piety under Nemelex Xobeh
  7374 | D:7      | Found Viliq's Armour Emporium.
  7629 | D:7      | Reached skill level 8 in Maces & Flails
  7932 | D:7      | Received a gift from Nemelex Xobeh
  8168 | D:8      | Found a basalt altar of Yredelemnul.
  8170 | D:8      | Found a shimmering blue altar of Sif Muna.
  8412 | D:8      | Reached XP level 10. HP: 87/94 MP: 9/9
  8455 | D:8      | Noticed a boulder beetle
  8457 | D:8      | Noticed a boulder beetle
  8463 | D:8      | Noticed a centaur warrior
  8473 | D:8      | Noticed a centaur warrior
  8521 | D:8      | Reached skill level 9 in Maces & Flails
  8579 | D:8      | Found an opulent altar of Gozag.
  8581 | D:8      | Found an ancient bone altar of Kikubaaqudgha.
  8780 | D:8      | Noticed a centaur warrior
  8841 | D:8      | Killed a boulder beetle
  9014 | D:8      | Received a gift from Nemelex Xobeh
  9026 | D:8      | Killed a centaur warrior
  9042 | D:8      | Killed a centaur warrior
  9043 | D:8      | Reached skill level 10 in Maces & Flails
  9170 | D:8      | Killed a boulder beetle
  9171 | D:8      | Reached skill level 5 in Fighting
  9171 | D:8      | Reached skill level 1 in Evocations
  9291 | D:8      | Identified the +3 leather armour "Inekyg Lixo" {Dex+3}
  9366 | D:8      | Noticed a brown ugly thing
  9367 | D:8      | Noticed an arcanist
  9381 | D:8      | Killed a purple ugly thing
  9388 | D:8      | Killed an arcanist
  9389 | D:8      | Reached XP level 11. HP: 100/104 MP: 10/10
  9402 | D:8      | Noticed a centaur warrior
  9431 | D:8      | Noticed a soul eater
  9433 | D:8      | Killed a centaur warrior
  9437 | D:8      | Reached skill level 11 in Maces & Flails
  9869 | D:9      | Found Ibline Jooj's Gadget Gallery.
  9904 | D:9      | Bought a wand of flame (4) for 44 gold pieces
  9904 | D:9      | Bought a wand of flame (9) for 100 gold pieces
  9905 | D:9      | Noticed Harold
 10016 | D:9      | Noticed a sixfirhy
 10021 | D:9      | Noticed a soul eater
 10058 | D:8      | Shot with an arrow by a centaur warrior

Illustrated notes

Levels and vault maps discovered:
D:1:      minmay_arrival_open_corners, layout_loops_ring, nrook_campfire,
          minmay_misc_feat_x, amcnicky_mini_rare_corridor_liquid,
          corexii_leaking_fountain, minmay_split_cup_small
D:2:      layout_basic, uniq_sigmund
D:3:      layout_rooms
D:4:      layout_loops_ring, lemuel_tele_altar, mainiacjoe_overflow_chevrons,
          nrook_mini_vaults, roderic_serpentine_path, minmay_between,
          uniq_duvessa
D:5:      layout_basic, uniq_prince_ribbit1
D:6:      layout_loops_corners, lemuel_round_altar, minmay_temple_entry_mist,
          serial_shops, shop, lightli_minifort, uniq_eustachio
D:7:      layout_rooms, serial_shops, shop
D:8:      nzn_winding_woodlands_large [nzn_winding_woodlands_5x5_checkerboard,
          nzn_winding_woodlands_5x15_pool, nzn_winding_woodlands_5x5_open_star,
          nzn_winding_woodlands_center_lodge,
          nzn_winding_woodlands_15x15_five_gardens,
          nzn_winding_woodlands_center_diamonds,
          nzn_winding_woodlands_5x5_cross, nzn_winding_woodlands_5x15_eye,
          nzn_winding_woodlands_5x5_perimeter], layout_loops_ring,
          nicolae_overflow_hidden_temple
D:9:      layout_loops_ring, erik_lair_dragon, kennysheep_nondescript,
          nicolae_shop_gadgets, uniq_harold
Temple:   nicolae_temple_bog_church

Skill      XL: |  1  2  3  4  5  6  7  8  9 10 11 |
---------------+----------------------------------+-----
Dodging        | 4 5 6 8 |  8.4
Fighting       | 3 4 5 |  5.4
Unarmed Combat | 4 |  4.4
Maces & Flails | 2 4 7 8 10 11 | 11.0
Throwing       | 1 2 3 |  3.2
Stealth        | 1 2 |  2.1
Evocations     | 1 |  1.1

Action                     |  1- 3 |  4- 6 |  7- 9 | 10-12 || total
---------------------------+-------+-------+-------+-------++-------
  Melee: Unarmed           |    34 |     8 |       |       ||    42
         Whip              |       |    68 |   278 |   196 ||   542
  Throw: Stone             |    11 |     4 |       |       ||    15
         Dart              |       |     4 |    22 |    11 ||    37
         Boomerang         |       |       |     6 |       ||     6
         Javelin           |       |       |       |     3 ||     3
         Throwing net      |       |       |       |     3 ||     3
 Invoke: Draw Destruction  |       |       |     1 |     8 ||     9
         Draw Escape       |       |       |       |     1 ||     1
  Evoke: Wand              |       |       |     5 |    16 ||    21
    Use: Scroll            |     2 |     3 |    12 |     7 ||    24
         Potion            |       |       |       |     3 ||     3
   Stab: Invisible         |       |       |     2 |     1 ||     3
 Armour: Robe              |    26 |    60 |    67 |       ||   153
         Steam dragon scal |       |       |    74 |   146 ||   220
  Dodge: Dodged            |    35 |    47 |   244 |   175 ||   501

Table legend: (Time is in decaauts)
 A = Elapsed time spent in this place.
 B = Non-inter-level travel time spent in this place.
 C = Inter-level travel time spent in this place.
 D = Time resting spent in this place.
 E = Time spent auto-exploring this place.
 F = Levels seen in this place.
 G = Mean time per level.
                   A        B        C        D        E       F      G
               +--------+--------+--------+--------+--------+-----+--------+
         Total |   9925 |   8675 |   1250 |      0 |   1478 |  10 |  992.5 |
       Dungeon |   9505 |   8304 |   1201 |      0 |   1478 |   9 | 1056.1 |
        Temple |    419 |    370 |     49 |      0 |      0 |   1 |  419.0 |
               +--------+--------+--------+--------+--------+-----+--------+

Top non-repeatable levels by time:
     D:8: 1720 daAuts
     D:4: 1426 daAuts
     D:5: 1385 daAuts
     D:6: 1299 daAuts
     D:2: 1129 daAuts
     D:1: 1040 daAuts
     D:3: 690 daAuts
     D:7: 679 daAuts
  Temple: 419 daAuts
     D:9: 133 daAuts
